 Dungeon Crawl Stone Soup version 0.22-a0-402-ga933591 (webtiles) character file.

219165 SakhabievAskhat the Grappler (level 19, -12/148 HPs)
             Began as a Gnoll Transmuter on May 6, 2018.
             Was the Champion of Cheibriados.
             Killed from afar by Nikola (33 damage)
             ... with a chain lightning
             ... on level 4 of the Spider Nest.
             The game lasted 01:44:56 (45886 turns).

SakhabievAskhat the Grappler (Gnoll Transmuter)    Turns: 45886, Time: 01:44:57

Health: -12/148    AC: 26    Str: 36 (38) XL:     19   Next: 13%
Magic:  25/45      EV: 13    Int: 38      God:    Cheibriados [******]
Gold:   1994       SH:  0    Dex: 34      Spells: 25/44 levels left

rFire    x . .     SeeInvis .     - Unarmed
rCold    + + .     Gourm    .   (shield currently unavailable)
rNeg     . . .     Faith    .   N - +5 ice dragon scales
rPois    +         Spirit   .   n - +2 helmet {Int+3}
rElec    .         Reflect  +   Z - +1 cloak {+Inv}
rCorr    .         Harm     .   (gloves currently unavailable)
MR       ++...                  o - +0 pair of boots
Stlth    +++++.....             Q - amulet "Vick" {Reflect MP+9 Int+3 Slay+3 SH+4}
HPRegen  0.34/turn              s - ring of poison resistance
MPRegen  0.29/turn              O - ring "Vudose Tihib" {*Contam MR+ Str+5 Dex+2}

@: blade hands, very slightly contaminated, held, very slow
A: distributed training, fangs 1, strong nose
}: 1/15 runes: decaying
a: End Transformation, Bend Time, Temporal Distortion, Slouch, Step From Time,
Renounce Religion, Evoke Invisibility


You were on level 4 of the Spider Nest.
You worshipped Cheibriados.
Cheibriados was exalted by your worship.
You were hungry.
You had blades for hands.
You visited 6 branches of the dungeon, and saw 32 of its levels.
You also visited: Labyrinth and Ice Cave.

You collected 3429 gold pieces.
You spent 1435 gold pieces at shops.

Inventory:

Missiles
 a - 601 arrows
Armour
 n - a +2 helmet of intelligence (worn)
 o - a +0 pair of boots (worn)
 p - the +3 robe of Suco {rElec rC+}
   (You bought it in a shop on level 1 of the Orcish Mines)

   It protects you from cold.
   It insulates you from electricity.
 y - a +0 buckler (melded)
 z - a +1 pair of gloves of dexterity (melded)
 N - +5 ice dragon scales (worn)
 Z - a +1 cloak of invisibility (worn)
Magical Staves
 D - an uncursed staff of power (melded)
 L - an uncursed staff of poison
Jewellery
 b - an uncursed amulet of the gourmand
 q - an uncursed amulet of faith
 s - a ring of poison resistance (left scythe-like blade)
 x - an uncursed ring of protection from magic
 A - an uncursed ring of stealth
 E - an uncursed ring of resist corrosion
 G - an uncursed ring of protection from fire
 H - a +4 ring of intelligence
 I - an uncursed amulet of the acrobat
 J - an uncursed ring of protection from cold
 O - the ring "Vudose Tihib" (right scythe-like blade) {*Contam MR+ Str+5 Dex+2}
   (You found it in an ice cave)

   [ring of strength]

   It affects your strength (+5).
   It affects your dexterity (+2).
   It affects your resistance to hostile enchantments.
   It causes magical contamination when unequipped.
 Q - the amulet "Vick" (around neck) {Reflect MP+9 Int+3 Slay+3 SH+4}
   (You found it in an ice cave)

   [amulet of reflection]

   It shields you and reflects attacks.
   It affects your intelligence (+3).
   It affects your accuracy and damage with ranged weapons and melee attacks
   (+3).
   It affects your magic capacity (+9).
   It affects your SH (+4).
 X - an uncursed ring of magical power
 Y - an uncursed amulet of magic regeneration
Wands
 v - a wand of disintegration (8)
 w - a wand of acid (7)
Scrolls
 c - 5 scrolls of blinking
 f - 8 scrolls of teleportation
 g - 5 scrolls of magic mapping
 i - 14 scrolls of remove curse
 k - 5 scrolls of identify
 m - 5 scrolls of enchant weapon
 r - 5 scrolls of amnesia
 t - a scroll of immolation
 F - 9 scrolls of fear
 U - 3 scrolls of vulnerability
 V - 3 scrolls of fog
Potions
 e - 5 potions of invisibility
 h - 11 potions of curing
 j - 2 potions of resistance
 l - 5 potions of agility
 u - 7 potions of flight
 B - 2 potions of magic
 C - a potion of mutation
 K - 5 potions of brilliance
 M - 2 potions of lignification
 P - a potion of heal wounds
 T - 7 potions of might
 W - 2 potions of cancellation
Comestibles
 d - 53 rations


   Skills:
 + Level 12.6 Fighting
 + Level 12.4 Short Blades
 + Level 12.4 Long Blades
 + Level 12.4 Axes
 + Level 12.4 Maces & Flails
 + Level 12.4 Polearms
 + Level 12.4 Staves
 + Level 12.4 Slings
 + Level 12.4 Bows
 + Level 12.4 Crossbows
 + Level 12.4 Throwing
 + Level 12.4 Armour
 + Level 13.1 Dodging
 + Level 12.4 Stealth
 + Level 12.4 Shields
 + Level 13.7 Unarmed Combat
 + Level 13.2 Spellcasting
 + Level 10.6 Conjurations
 + Level 10.6 Hexes
 + Level 10.6 Charms
 + Level 10.6 Summonings
 + Level 10.6 Necromancy
 + Level 10.6 Translocations
 + Level 11.2 Transmutations
 + Level 10.6 Fire Magic
 + Level 10.6 Ice Magic
 + Level 10.6 Air Magic
 + Level 10.6 Earth Magic
 + Level 10.6 Poison Magic
 + Level 13.4 Invocations
 + Level 12.4 Evocations


You had 25 spell levels left.
You knew the following spells:

 Your Spells              Type           Power        Failure   Level  Hunger
a - Fulminant Prism       Conj/Hex       #######...   10%         4    None
b - Spider Form           Tmut/Pois      #######...   7%          3    None
c - Blade Hands           Tmut           #######...   13%         5    None
d - Blink                 Tloc           N/A          5%          2    None
e - Fireball              Conj/Fire      #######...   14%         5    None


Dungeon Overview and Level Annotations

Branches:
Dungeon (15/15)            Temple (1/1) D:7            Lair (6/6) D:9
  Swamp (4/4) Lair:4       Spider (4/4) Lair:4        Slime (0/5) Lair:6
    Orc (2/2) D:12            Elf (0/3) Orc:2        Vaults (0/5) D:13
 Depths (0/5) D:15

Altars:
Ashenzari
Cheibriados
Dithmenos
Elyvilon
Fedhas
Gozag
Hepliaklqana
Kikubaaqudgha
Nemelex Xobeh
Okawaru
Qazlal
Ru
Sif Muna
Trog
Uskayaw
Vehumet
Wu Jian
Xom
Yredelemnul
Zin
The Shining One

Shops:
D:5 [   D:7 =   D:11 %   D:12 (   D:15 [   Orc:1 ([:   Orc:2 (:=:   Swamp:2 *

Annotations:
D:15 exclusion: Roxanne, Roxanne
Swamp:1 2 transporters
Swamp:2 exclusion: 2 oklob plants
Spider:4 Nikola


Innate Abilities, Weirdness & Mutations

Your experience applies equally to all skills.
You have very sharp teeth.
Your uncanny sense of smell can sniff out nearby items.


Message History

The lightning arc hits you!
The lightning arc grounds out.
Nikola mumbles some strange words.
You hear a mighty clap of thunder!
The lightning arc hits you!
The lightning arc hits Nikola.
The lightning arc hits you!
* * * LOW HITPOINT WARNING * * *
The lightning arc hits Nikola.
The lightning arc hits you!
* * * LOW HITPOINT WARNING * * *
The lightning arc hits Nikola.
You hear an angry hiss. x2; You hear a hideous shriek!
Blink to where?
Press: ? - help, Dir - move target cursor You are caught in the web!
You are very lightly contaminated with residual magic.
As you read the scroll of blinking, it crumbles to dust.
You struggle to detach yourself from the web.
Nikola casts a spell.
You hear a mighty clap of thunder!
The lightning arc hits you!
You die...

..#.....#........#..^
...#####....##.###.... ^...
#<......###.###..
####..###....#.^#^^#^#..
.....#.####..#^#..#....
#.......#^...^.†###..#
#.......##^.^#..#.#...
^..####...^.#.^.#^.......
##...#.##@......##...^.##.
....#..^####..^#..###..#.
.# #?.#...^##....#... ^^.#.
...##.....######.....#.#.##
.#........#^# #....... .^
.........@..#..#....... ...
..#....§.............# ...
# ####......... ..... ###
####......


You could see Nikola.

Vanquished Creatures
  Jorgrun (Spider:3)
  Rupert (Lair:5)
  2 thorn hunters (Swamp:2)
  A frost giant (IceCv)
  4 ghost moths
  An emperor scorpion (Spider:1)
  2 entropy weavers
  The ghost of Kairos the Severer, a journeyman VSFi of Okawaru (Spider:2)
  A dire elephant (Lair:3)
  A minotaur (Lab)
  Harold (D:10)
  2 fire dragons (D:15)
  8 vault guards (D:13)
  26 hydras
  A ghost crab (Swamp:3)
  An ice dragon (D:12)
  A catoblepas (Lair:5)
  Erica (D:8)
  20 two-headed ogres
  15 alligators
  2 centaur warriors
  A queen ant (Lair:3)
  4 ogre magi
  4 unseen horrors
  5 large abominations (D:14)
  2 spriggan druids (Swamp:4)
  6 shambling mangroves
  2 wizards (D:14)
  A lindwurm (Lair:4)
  15 swamp dragons
  2 deep trolls (Orc:2)
  6 ugly things
  11 orb spiders
  2 orc knights
  2 oklob plants
  18 wolf spiders
  10 cyclopes
  2 manticores
  2 deep elf magi
  An orc sorcerer (Orc:2)
  A centaur zombie (D:12)
  4 torpor snails
  A moth of wrath (Spider:3)
  A water nymph (shapeshifter) (D:13)
  Maurice (D:13)
  An ice statue (IceCv)
  27 elephants
  Joseph (D:10)
  15 spiny frogs
  3 black mambas
  A gargoyle (D:15)
  Psyche (D:8)
  3 rime drakes
  A freezing wraith (D:13)
  8 komodo dragons
  A komodo dragon (shapeshifter) (D:14)
  4 demonic crawlers
  10 jumping spiders
  A queen bee (Lair:4)
  13 trolls
  9 tyrant leeches
  24 polar bears
  15 hornets
  6 meliai
  7 small abominations (D:14)
  Prince Ribbit (D:6)
  Grinder (D:6)
  18 blink frogs
  8 slime creatures
  7 bog bodies
  15 hippogriffs
  14 dream sheep
  A shadow (D:15)
  45 redbacks
  A wraith (D:13)
  18 spriggans
  11 tarantellas
  A water elemental (D:13)
  3 wyverns
  6 humans (D:6)
  5 hungry ghosts
  91 yaks
  A basilisk (Lair:6)
  26 vampire mosquitoes
  15 swamp worms
  A redback simulacrum (D:15)
  24 insubstantial wisps
  3 wargs
  An acid dragon (D:10)
  13 soldier ants
  10 porcupines
  16 water moccasins
  15 swamp drakes
  8 black bears
  11 sky beasts
  16 orc warriors
  4 ice beasts
  32 ogres
  An eye of draining (D:9)
  4 boggarts (Lair:6)
  41 wolves
  12 centaurs
  17 crocodiles
  6 big kobolds
  13 bullfrogs
  A wyvern skeleton (D:11)
  3 scorpions
  17 killer bees
  4 howler monkeys
  7 electric eels
  6 crimson imps
  3 jellies
  4 quasits
  24 orc wizards
  3 bullfrog zombies
  2 hounds
  12 orc priests
  2 centaur skeletons
  Crazy Yiuf (D:2)
  7 hell rats (Lair:6)
  2 iguanas (D:7)
  40 worker ants
  3 worker ant zombies
  2 gnolls
  7 adders
  3 shadow imps
  2 oozes
  A worm (D:3)
  2 dart slugs
  5 leopard geckos
  115 orcs
  11 bats
  8 giant cockroaches
  11 goblins
  8 hobgoblins
  9 jackals
  8 quokkas
  5 frilled lizards
  A jackal zombie (D:5)
  12 kobolds
  A quokka skeleton (D:6)
  7 rats
  A briar patch (Swamp:2)
  A plant (Lair:2)
1245 creatures vanquished.

Vanquished Creatures (others)
  A wolf spider (Spider:2)
  3 oklob plants (Lair:2)
  A hornet (Swamp:4)
  A redback (Spider:2)
  A swamp worm (Swamp:1)
  An ogre (Orc:2)
  29 fulminant prisms
  72 fungi
  33 plants
142 creatures vanquished.

Grand Total: 1387 creatures vanquished

Notes
Turn   | Place    | Note
-------+----------+-------------------------------------------
     0 | D:1      | SakhabievAskhat the Gnoll Transmuter began the quest for the Orb.
     0 | D:1      | Reached XP level 1. HP: 17/17 MP: 6/6
   183 | D:1      | Reached XP level 2. HP: 21/23 MP: 7/7
   562 | D:1      | Reached XP level 3. HP: 28/28 MP: 7/9
   582 | D:1      | Reached skill level 5 in Spellcasting
   905 | D:2      | Reached skill level 1 in Short Blades
   905 | D:2      | Reached skill level 1 in Long Blades
   905 | D:2      | Reached skill level 1 in Axes
   905 | D:2      | Reached skill level 1 in Maces & Flails
   905 | D:2      | Reached skill level 1 in Polearms
   905 | D:2      | Reached skill level 1 in Staves
   905 | D:2      | Reached skill level 1 in Slings
   905 | D:2      | Reached skill level 1 in Bows
   905 | D:2      | Reached skill level 1 in Crossbows
   905 | D:2      | Reached skill level 1 in Throwing
   905 | D:2      | Reached skill level 1 in Armour
   905 | D:2      | Reached skill level 1 in Stealth
   905 | D:2      | Reached skill level 1 in Shields
   905 | D:2      | Reached skill level 1 in Invocations
   905 | D:2      | Reached skill level 1 in Evocations
   905 | D:2      | Reached XP level 4. HP: 25/34 MP: 9/11
  1491 | D:2      | Reached skill level 1 in Conjurations
  1491 | D:2      | Reached skill level 1 in Hexes
  1491 | D:2      | Reached skill level 1 in Charms
  1491 | D:2      | Reached skill level 1 in Summonings
  1491 | D:2      | Reached skill level 1 in Necromancy
  1491 | D:2      | Reached skill level 1 in Translocations
  1491 | D:2      | Reached skill level 1 in Fire Magic
  1491 | D:2      | Reached skill level 1 in Ice Magic
  1491 | D:2      | Reached skill level 1 in Air Magic
  1491 | D:2      | Reached skill level 1 in Earth Magic
  1491 | D:2      | Reached skill level 1 in Poison Magic
  1557 | D:2      | Found a runed door.
  1621 | D:2      | Learned a level 3 spell: Spider Form
  1622 | D:2      | Noticed Crazy Yiuf
  1628 | D:2      | Killed Crazy Yiuf
  1628 | D:2      | Reached XP level 5. HP: 40/40 MP: 8/12
  2468 | D:3      | Found a shimmering altar of Xom.
  2769 | D:4      | Noticed an ogre
  2776 | D:4      | Killed an ogre
  2776 | D:4      | Reached XP level 6. HP: 39/47 MP: 9/13
  2944 | D:4      | Reached skill level 5 in Dodging
  3468 | D:4      | Reached XP level 7. HP: 47/52 MP: 13/15
  3488 | D:4      | Found an opulent altar of Gozag.
  3791 | D:5      | Entered Level 5 of the Dungeon
  3844 | D:5      | Found Tufiar's Antique Armour Shop.
  3940 | D:5      | Found a deep blue altar of Sif Muna.
  4160 | D:5      | Found a sparkling altar of Nemelex Xobeh.
  4164 | D:5      | Found an ornate altar of the Wu Jian Council.
  4211 | D:5      | Found a hide-covered altar of Uskayaw.
  4418 | D:5      | Found an ancient bone altar of Kikubaaqudgha.
  4421 | D:5      | Found a blossoming altar of Fedhas.
  4615 | D:6      | Noticed Grinder
  4628 | D:6      | Killed Grinder
  4628 | D:6      | Reached XP level 8. HP: 21/60 MP: 12/16
  4862 | D:6      | Noticed Prince Ribbit
  4877 | D:6      | Killed Prince Ribbit
  5173 | D:6      | Reached XP level 9. HP: 48/66 MP: 18/18
  5176 | D:6      | Reached skill level 5 in Transmutations
  5578 | D:7      | Reached skill level 5 in Fighting
  5876 | D:7      | Found Ciereg's Jewellery Emporium.
  5889 | D:7      | Bought a +3 ring of strength for 157 gold pieces
  5983 | D:7      | Found a shattered altar of Ashenzari.
  6021 | D:7      | Found a staircase to the Ecumenical Temple.
  6032 | Temple   | Entered the Ecumenical Temple
  6074 | Temple   | Became a worshipper of Cheibriados the Contemplative
  6265 | D:7      | Reached skill level 5 in Invocations
  6719 | D:8      | Noticed Psyche
  6728 | D:8      | Killed Psyche
  6728 | D:8      | Reached XP level 10. HP: 33/74 MP: 16/20
  7451 | D:8      | Noticed Erica
  7453 | D:8      | Noticed a two-headed ogre
  7461 | D:8      | Killed Erica
  7461 | D:8      | Reached skill level 5 in Short Blades
  7461 | D:8      | Reached skill level 5 in Long Blades
  7461 | D:8      | Reached skill level 5 in Axes
  7461 | D:8      | Reached skill level 5 in Maces & Flails
  7461 | D:8      | Reached skill level 5 in Polearms
  7461 | D:8      | Reached skill level 5 in Staves
  7461 | D:8      | Reached skill level 5 in Slings
  7461 | D:8      | Reached skill level 5 in Bows
  7461 | D:8      | Reached skill level 5 in Crossbows
  7461 | D:8      | Reached skill level 5 in Throwing
  7461 | D:8      | Reached skill level 5 in Armour
  7461 | D:8      | Reached skill level 5 in Stealth
  7461 | D:8      | Reached skill level 5 in Shields
  7461 | D:8      | Reached skill level 5 in Evocations
  7471 | D:8      | Killed a two-headed ogre
  7471 | D:8      | Reached * piety under Cheibriados
  8163 | D:9      | Found a staircase to the Lair.
  8231 | D:9      | Reached XP level 11. HP: 34/81 MP: 18/22
  8431 | D:9      | Reached skill level 5 in Conjurations
  8431 | D:9      | Reached skill level 5 in Hexes
  8431 | D:9      | Reached skill level 5 in Charms
  8431 | D:9      | Reached skill level 5 in Summonings
  8431 | D:9      | Reached skill level 5 in Necromancy
  8431 | D:9      | Reached skill level 5 in Translocations
  8431 | D:9      | Reached skill level 5 in Fire Magic
  8431 | D:9      | Reached skill level 5 in Ice Magic
  8431 | D:9      | Reached skill level 5 in Air Magic
  8431 | D:9      | Reached skill level 5 in Earth Magic
  8431 | D:9      | Reached skill level 5 in Poison Magic
  8431 | D:9      | Reached XP level 12. HP: 91/91 MP: 22/24
  8539 | D:9      | Found a shadowy altar of Dithmenos.
  8719 | D:9      | Reached ** piety under Cheibriados
  8879 | D:9      | Noticed a two-headed ogre
  8904 | D:9      | Killed a two-headed ogre
  9161 | D:9      | Paralysed by a hornet for 1 turns
  9830 | D:9      | Found a radiant altar of Vehumet.
 10152 | D:10     | Entered Level 10 of the Dungeon
 10152 | D:10     | Noticed Joseph
 10178 | D:10     | Killed Joseph
 10178 | D:10     | Reached *** piety under Cheibriados
 10857 | D:10     | Noticed Harold
 10877 | D:10     | Killed Harold
 10960 | D:10     | Noticed a two-headed ogre
 10971 | D:10     | Killed a two-headed ogre
 11022 | D:10     | Learned a level 5 spell: Blade Hands
 11249 | D:10     | Reached **** piety under Cheibriados
 11429 | D:11     | Reached skill level 10 in Unarmed Combat
 11962 | D:11     | Noticed a four-headed hydra
 11970 | D:11     | Killed a four-headed hydra
 11970 | D:11     | Reached XP level 13. HP: 66/98 MP: 23/26
 12166 | D:11     | Found Vumnifuo's Food Boutique.
 12176 | D:11     | Found a shattered altar of Ashenzari.
 12924 | D:11     | Reached ***** piety under Cheibriados
 13593 | D:12     | Found a frozen archway.
 13599 | D:12     | Noticed an ice dragon
 13612 | D:12     | Killed an ice dragon
 13683 | IceCv    | Entered an ice cave
 13992 | IceCv    | Got a scintillating wooden ring
 13993 | IceCv    | Identified the ring "Vudose Tihib" {*Contam MR+ Str+5 Dex+2} (You found it in an ice cave)
 14582 | IceCv    | Noticed a frost giant
 14595 | IceCv    | Reached ****** piety under Cheibriados
 14598 | IceCv    | Killed a frost giant
 14729 | IceCv    | Got a crude emerald amulet
 15568 | D:12     | Found a staircase to the Orcish Mines.
 16088 | D:12     | Found Saf Cuda's Antique Weapon Emporium.
 16303 | D:13     | Found a labyrinth entrance.
 16309 | D:13     | Noticed Maurice
 16317 | D:13     | Killed Maurice
 16317 | D:13     | Reached skill level 10 in Spellcasting
 16331 | Lab      | Entered a labyrinth
 16341 | Lab      | Reached XP level 14. HP: 108/108 MP: 22/28
 16784 | D:13     | Reached skill level 10 in Dodging
 17464 | D:13     | Identified the amulet "Vick" {Reflect MP+9 Int+3 Slay+3 SH+4} (You found it in an ice cave)
 17552 | D:13     | Found a gate to the Vaults.
 18843 | D:14     | Reached skill level 10 in Invocations
 19803 | D:15     | Entered Level 15 of the Dungeon
 19944 | D:15     | Noticed Roxanne
 20373 | D:15     | Found a staircase to the Depths.
 20662 | D:15     | Reached XP level 15. HP: 115/115 MP: 29/29
 20720 | D:15     | Found a sacrificial altar of Ru.
 20986 | D:15     | Reached skill level 10 in Fighting
 21499 | D:15     | Found Gufif's Antique Armour Emporium.
 21508 | D:15     | Bought a pair of glowing gloves for 232 gold pieces
 22095 | Lair:1   | Entered Level 1 of the Lair of Beasts
 22853 | Lair:2   | Reached skill level 10 in Short Blades
 22853 | Lair:2   | Reached skill level 10 in Long Blades
 22853 | Lair:2   | Reached skill level 10 in Axes
 22853 | Lair:2   | Reached skill level 10 in Maces & Flails
 22853 | Lair:2   | Reached skill level 10 in Polearms
 22853 | Lair:2   | Reached skill level 10 in Staves
 22853 | Lair:2   | Reached skill level 10 in Slings
 22853 | Lair:2   | Reached skill level 10 in Bows
 22853 | Lair:2   | Reached skill level 10 in Crossbows
 22853 | Lair:2   | Reached skill level 10 in Throwing
 22853 | Lair:2   | Reached skill level 10 in Armour
 22853 | Lair:2   | Reached skill level 10 in Stealth
 22853 | Lair:2   | Reached skill level 10 in Shields
 22853 | Lair:2   | Reached skill level 10 in Evocations
 23164 | Lair:2   | Found a snail-covered altar of Cheibriados.
 23644 | Lair:2   | Learned a level 4 spell: Fulminant Prism
 24341 | Lair:3   | Reached XP level 16. HP: 124/124 MP: 31/31
 24952 | Lair:4   | Found a hole to the Spider Nest.
 25383 | Lair:4   | Found a staircase to the Swamp.
 26110 | Lair:5   | Noticed Rupert
 26127 | Lair:5   | Killed Rupert
 27227 | Lair:6   | Entered Level 6 of the Lair of Beasts
 27623 | Lair:6   | Reached skill level 10 in Transmutations
 27808 | Lair:6   | Found a staircase to the Slime Pits.
 29671 | Orc:1    | Entered Level 1 of the Orcish Mines
 29772 | Orc:1    | Reached XP level 17. HP: 131/131 MP: 33/33
 29805 | Orc:1    | Found Dudghigu's Antique Weapon Boutique.
 29898 | Orc:1    | Found Gosim's Antique Armour Emporium.
 29901 | Orc:1    | Bought a glowing helmet for 240 gold pieces
 29916 | Orc:1    | Bought a pair of boots for 144 gold pieces
 29916 | Orc:1    | Bought a fine robe for 182 gold pieces
 29926 | Orc:1    | Identified the +3 robe of Suco {rElec rC+} (You bought it in a shop on level 1 of the Orcish Mines)
 30069 | Orc:1    | Found Baakher's Book Shoppe.
 30077 | Orc:1    | Bought a book of Minor Magic for 280 gold pieces
 30080 | Orc:1    | Learned a level 2 spell: Blink
 30341 | Orc:2    | Entered Level 2 of the Orcish Mines
 30370 | Orc:2    | Found a staircase to the Elven Halls.
 30780 | Orc:2    | Found Esaev's Weapon Shoppe.
 30781 | Orc:2    | Found Okhozox's Book Shoppe.
 30787 | Orc:2    | Found Xoraare's Jewellery Shop.
 30796 | Orc:2    | Found Gopyuwasche's Book Emporium.
 31218 | D:7      | Bought an uncursed ring of poison resistance for 200 gold pieces
 31358 | Swamp:1  | Entered Level 1 of the Swamp
 31739 | Swamp:1  | Found a transporter.
 32743 | Swamp:1  | Found a transporter.
 34283 | Swamp:2  | Found Ybuscheng's Island Escapes.
 35954 | Swamp:3  | Reached skill level 10 in Conjurations
 35954 | Swamp:3  | Reached skill level 10 in Hexes
 35954 | Swamp:3  | Reached skill level 10 in Charms
 35954 | Swamp:3  | Reached skill level 10 in Summonings
 35954 | Swamp:3  | Reached skill level 10 in Necromancy
 35954 | Swamp:3  | Reached skill level 10 in Translocations
 35954 | Swamp:3  | Reached skill level 10 in Fire Magic
 35954 | Swamp:3  | Reached skill level 10 in Ice Magic
 35954 | Swamp:3  | Reached skill level 10 in Air Magic
 35954 | Swamp:3  | Reached skill level 10 in Earth Magic
 35954 | Swamp:3  | Reached skill level 10 in Poison Magic
 35998 | Swamp:3  | Reached XP level 18. HP: 98/140 MP: 34/34
 37014 | Swamp:4  | Entered Level 4 of the Swamp
 40167 | Swamp:4  | Got a decaying rune of Zot
 41242 | Spider:1 | Entered Level 1 of the Spider Nest
 42371 | Spider:2 | Noticed Kairos's ghost (journeyman VSFi)
 42380 | Spider:2 | Killed Kairos's ghost
 42804 | Spider:1 | Learned a level 5 spell: Fireball
 43561 | Spider:3 | Noticed Jorgrun
 43570 | Spider:3 | Killed Jorgrun
 43736 | Spider:3 | Reached XP level 19. HP: 147/147 MP: 36/36
 44975 | Spider:4 | Entered Level 4 of the Spider Nest
 45880 | Spider:4 | Noticed Nikola
 45886 | Spider:4 | Killed from afar by Nikola

Vault maps used:
D:1:      scummos_arrival_forest
D:2:      uniq_crazy_yiuf_cottage
D:3:      tgw_xom, minmay_misc_feat_rows
D:4:      grunt_gozag_statues, first_ration
D:5:      grunt_temple_overflow_growth_and_decay, lemuel_round_altar,
          grunt_temple_overflow_open, serial_shops, shop, led_sif_pool
D:6:      minmay_ruffians, uniq_grinder, uniq_prince_ribbit1
D:7:      overflow_temple_1_default, minmay_temple_entry_mist, serial_shops,
          nicolae_shop_behind_doors
D:8:      uniq_erica, uniq_psyche
D:9:      kennysheep_windowed_halls, nicolae_overflow_hidden_temple,
          old_standard_altar, nicolae_dithmenos_the_darkroom, lair_entry_dummy,
          grunt_ministairs_6
D:10:     uniq_harold, uniq_joseph
D:11:     basic_altar, hangedman_ranch, kennysheep_windowed_goal
D:12:     hiddenorc2_lemuel, portal_ice_cave_entry_animals_and_master,
          serial_shops, nicolae_shop_trees
D:13:     erik_vaults_2, lab_entry_generic, uniq_maurice
D:14:     minivault_24, laboratory
D:15:     grunt_enter_depths_hoard, serial_shops, shop, nicolae_benzene_ring,
          nicolae_ru_the_path_less_chosen, uniq_roxanne
Temple:   minmay_temple_curvy_loop
Lair:1:   grunt_megastairs_5, serial_bayou_shore_a, lemuel_fruit_tree
Lair:2:   kennysheep_snail_temple, serial_bayou_shore_b,
          minmay_lair_oklob_chamber, grunt_megastairs_4
Lair:3:   mu_elephants_graveyard, zaba_anthell, lemuel_fruit_fields,
          serial_bayou_shore_b, infiniplex_staircase_pool
Lair:4:   swamp_mist, dummy_spider_entry, special_room,
          infiniplex_staircase_pool_2
Lair:5:   nicolae_lair_grove_arrangements, uniq_rupert
Lair:6:   minmay_lair_end_enchanted_forest, slime_dummy,
          nicolae_quartered_pool_medium, grunt_megastairs_3
Swamp:1:  gammafunk_its_a_trap, hangedman_swamp_pad
Swamp:2:  nicolae_swamp_phyte_club, wheals_swamp_sinkhole, swamp_pool3,
          nicolae_island_escapes
Swamp:3:  nicolae_swamp_round_clearing, swamp_pool1
Swamp:4:  swamp
Spider:3: uniq_jorgrun
Spider:4: spider_rune_water, uniq_arachne, uniq_nikola
Orc:1:    serial_shops, nicolae_shop_crystal, nicolae_shop_behind_doors,
          nicolae_shop_trees, enter_bailey_7
Orc:2:    st_orc_open
Lab:      labyrinth_mini_lab, nicolae_lab_plus, nicolae_lab_lava,
          nicolae_lab_swirl, nicolae_lab_t_cross, lab_fountain,
          labyrinth_skeletal_remains, nicolae_lab_stuck
IceCv:    ice_cave_caverns_03

Skill      XL: |  1  2  3  4  5  6  7  8  9 10 11 12 13 14 15 16 17 18 |
---------------+-------------------------------------------------------+-----
Spellcasting   | 5 6 7 8 9 10 11 12 13 | 13.2
Short Blades   | 1 2 3 4 5 6 7 8 9 10 11 12 | 12.4
Long Blades    | 1 2 3 4 5 6 7 8 9 10 11 12 | 12.4
Axes           | 1 2 3 4 5 6 7 8 9 10 11 12 | 12.4
Maces & Flails | 1 2 3 4 5 6 7 8 9 10 11 12 | 12.4
Polearms       | 1 2 3 4 5 6 7 8 9 10 11 12 | 12.4
Staves         | 1 2 3 4 5 6 7 8 9 10 11 12 | 12.4
Slings         | 1 2 3 4 5 6 7 8 9 10 11 12 | 12.4
Bows           | 1 2 3 4 5 6 7 8 9 10 11 12 | 12.4
Crossbows      | 1 2 3 4 5 6 7 8 9 10 11 12 | 12.4
Throwing       | 1 2 3 4 5 6 7 8 9 10 11 12 | 12.4
Armour         | 1 2 3 4 5 6 7 8 9 10 11 12 | 12.4
Stealth        | 1 2 3 4 5 6 7 8 9 10 11 12 | 12.4
Shields        | 1 2 3 4 5 6 7 8 9 10 11 12 | 12.4
Invocations    | 1 2 3 4 5 6 7 8 9 10 11 12 13 | 13.4
Evocations     | 1 2 3 4 5 6 7 8 9 10 11 12 | 12.4
Conjurations   | 1 2 3 4 5 6 7 8 9 10 | 10.6
Hexes          | 1 2 3 4 5 6 7 8 9 10 | 10.6
Charms         | 1 2 3 4 5 6 7 8 9 10 | 10.6
Summonings     | 1 2 3 4 5 6 7 8 9 10 | 10.6
Necromancy     | 1 2 3 4 5 6 7 8 9 10 | 10.6
Translocations | 1 2 3 4 5 6 7 8 9 10 | 10.6
Fire Magic     | 1 2 3 4 5 6 7 8 9 10 | 10.6
Ice Magic      | 1 2 3 4 5 6 7 8 9 10 | 10.6
Air Magic      | 1 2 3 4 5 6 7 8 9 10 | 10.6
Earth Magic    | 1 2 3 4 5 6 7 8 9 10 | 10.6
Poison Magic   | 1 2 3 4 5 6 7 8 9 10 | 10.6
Fighting       | 3 4 5 6 7 8 9 10 11 12 | 12.6
Transmutations | 4 5 6 7 8 9 10 11 | 11.2
Dodging        | 5 6 7 8 9 10 11 12 13 | 13.1
Unarmed Combat | 7 8 9 10 11 12 13 | 13.7

Action                   |  1- 3 |  4- 6 |  7- 9 | 10-12 | 13-15 | 16-18 | 19-21 || total
-------------------------+-------+-------+-------+-------+-------+-------+-------++-------
Melee: Unarmed           |    69 |   168 |   236 |   442 |   732 |  1092 |    35 ||  2774
       Kick              |    13 |    15 |       |       |       |       |       ||    28
       Bite              |     3 |     9 |     3 |     5 |   101 |   142 |    11 ||   274
       Punch             |     1 |     3 |     1 |     5 |    45 |    94 |     5 ||   154
       Headbutt          |     2 |     3 |       |       |       |       |       ||     5
       Staff             |       |       |       |       |    53 |    59 |     1 ||   113
 Cast: Beastly Appendage |    12 |    22 |       |       |       |       |       ||    34
       Spider Form       |       |     8 |    31 |    39 |     6 |    22 |       ||   106
       Blade Hands       |       |       |       |     6 |   103 |   125 |    10 ||   244
       Fulminant Prism   |       |       |       |       |     1 |    28 |       ||    29
       Fireball          |       |       |       |       |       |    10 |     8 ||    18
       Blink             |       |       |       |       |       |     7 |     2 ||     9
Invok: Bend Time         |       |       |       |     1 |       |     4 |       ||     5
       Slouch            |       |       |       |       |     5 |     8 |       ||    13
 Abil: End Transformatio |       |       |       |       |     3 |     7 |       ||    10
  Use: Scroll            |       |     2 |     6 |     9 |    20 |    10 |     1 ||    48
       Potion            |       |       |     2 |     2 |     1 |     6 |       ||    11
 Stab: Sleeping          |       |     5 |     7 |     8 |    13 |    10 |       ||    43
       Distracted        |       |       |       |       |     1 |     3 |       ||     4
       Petrified         |       |       |       |       |       |     1 |       ||     1
       Confused          |       |       |       |       |       |     3 |       ||     3
  Eat: Chunk             |       |     9 |     9 |    11 |    22 |    10 |       ||    61
       Ration            |       |       |     1 |       |     2 |     7 |       ||    10
Armor: Robe              |    11 |    31 |     4 |    22 |    11 |       |       ||    79
       Skin              |       |     2 |     9 |    27 |     2 |    10 |       ||    50
       Ice dragon scales |       |       |       |       |   214 |   474 |    42 ||   730
       Troll leather arm |       |       |       |       |     3 |       |       ||     3
Dodge: Dodged            |    49 |   155 |   199 |   482 |   843 |  2017 |    66 ||  3811
Block: Buckler           |       |       |     1 |     7 |    54 |   117 |     4 ||   183
       Other             |       |       |       |       |    68 |   257 |    13 ||   338
       Reflection        |       |       |       |       |    10 |     6 |       ||    16

Table legend:
 A = Spawn XP
 B = Non-spawn XP
 C = Spawn XP percentage of total XP
 D = Spawn monster count
 E = Non-spawn monster count
 F = Spawn count percentage of total count
 G = Total turns spent on level
                    A         B        C        D         E        F      G
               +---------+---------+-------+---------+---------+-------+---------
         Total |       0 |  318763 |   0.0 |       0 |    1249 |   0.0 | 45886
               +---------+---------+-------+---------+---------+-------+---------
           D:1 |       0 |      41 |   0.0 |       0 |      23 |   0.0 |   816
           D:2 |       0 |     142 |   0.0 |       0 |      19 |   0.0 |   991
           D:3 |       0 |      86 |   0.0 |       0 |      24 |   0.0 |  1114
           D:4 |       0 |     386 |   0.0 |       0 |      14 |   0.0 |   870
           D:5 |       0 |     376 |   0.0 |       0 |      15 |   0.0 |   643
           D:6 |       0 |    2199 |   0.0 |       0 |      25 |   0.0 |  1105
           D:7 |       0 |    1066 |   0.0 |       0 |      22 |   0.0 |   805
           D:8 |       0 |    3314 |   0.0 |       0 |      24 |   0.0 |  1615
           D:9 |       0 |    7225 |   0.0 |       0 |      58 |   0.0 |  2164
          D:10 |       0 |    4421 |   0.0 |       0 |      30 |   0.0 |  1201
          D:11 |       0 |    8477 |   0.0 |       0 |      43 |   0.0 |  2183
          D:12 |       0 |    3624 |   0.0 |       0 |      48 |   0.0 |   975
          D:13 |       0 |   14846 |   0.0 |       0 |      60 |   0.0 |  2029
          D:14 |       0 |   10200 |   0.0 |       0 |      31 |   0.0 |  1269
          D:15 |       0 |   22110 |   0.0 |       0 |      45 |   0.0 |  2210
        Lair:1 |       0 |    5489 |   0.0 |       0 |      26 |   0.0 |   662
        Lair:2 |       0 |    8115 |   0.0 |       0 |      29 |   0.0 |  1558
        Lair:3 |       0 |   16871 |   0.0 |       0 |      76 |   0.0 |   957
        Lair:4 |       0 |   13638 |   0.0 |       0 |      51 |   0.0 |  2031
        Lair:5 |       0 |   12393 |   0.0 |       0 |      36 |   0.0 |  1178
        Lair:6 |       0 |   22183 |   0.0 |       0 |     109 |   0.0 |  1659
       Swamp:1 |       0 |   17941 |   0.0 |       0 |      53 |   0.0 |  2337
       Swamp:2 |       0 |   17437 |   0.0 |       0 |      31 |   0.0 |  1780
       Swamp:3 |       0 |   22300 |   0.0 |       0 |      52 |   0.0 |  3973
       Swamp:4 |       0 |   19050 |   0.0 |       0 |      46 |   0.0 |  1582
      Spider:1 |       0 |   10612 |   0.0 |       0 |      17 |   0.0 |  1171
      Spider:2 |       0 |   11902 |   0.0 |       0 |      35 |   0.0 |   474
      Spider:3 |       0 |   22584 |   0.0 |       0 |      49 |   0.0 |  2318
      Spider:4 |       0 |    5393 |   0.0 |       0 |      12 |   0.0 |   418
         Orc:1 |       0 |    2923 |   0.0 |       0 |      37 |   0.0 |   694
         Orc:2 |       0 |   17555 |   0.0 |       0 |      57 |   0.0 |   737
           Lab |       0 |    1959 |   0.0 |       0 |       5 |   0.0 |   417
         IceCv |       0 |   11905 |   0.0 |       0 |      47 |   0.0 |  1738
               +---------+---------+-------+---------+---------+-------+---------
